[ AOE2 MATCH · #459652072 ]
UnrankedCelts vs Khitans
[ REPLAY ANALYSIS · EXTRACTED FROM THE RECORDED GAME ]
Feudal
11:56
Castle
17:01
Imperial
—
| APM avg | 20.1 |
| APM peak | 749 |
| eAPM avg | 18.2 |
| Villagers / military | 51 / 1 |
Focus
⚔️ 4.9% · 🌾 95.1%
Monk ×1
Feudal
—
Castle
—
Imperial
—
| APM avg | 19.0 |
| APM peak | 50 |
| eAPM avg | 12.5 |
| Villagers / military | 98 / 72 |
Focus
⚔️ 23.5% · 🌾 76.5%
Camel Scout ×35 · Steppe Lancer ×34 · Battering Ram ×3
Feudal
11:40
Castle
15:13
Imperial
41:08
| APM avg | 19.7 |
| APM peak | 40 |
| eAPM avg | 15.4 |
| Villagers / military | 184 / 231 |
Focus
⚔️ 20.9% · 🌾 79.1%
Spearman ×118 · War Elephant ×104 · Trebuchet (Packed) ×9
Feudal
10:12
Castle
14:33
Imperial
33:11
| APM avg | 25.6 |
| APM peak | 54 |
| eAPM avg | 18.3 |
| Villagers / military | 147 / 331 |
Focus
⚔️ 34.6% · 🌾 65.4%
Spearman ×255 · Skirmisher ×46 · Unknown (2550) ×32 · Monk ×14 · Kamayuk ×8 · Mangonel ×8
Feudal
11:03
Castle
14:58
Imperial
28:43
| APM avg | 27.8 |
| APM peak | 66 |
| eAPM avg | 18.9 |
| Villagers / military | 140 / 238 |
Focus
⚔️ 40.7% · 🌾 59.3%
Knight ×199 · Skirmisher ×31 · Trade Cart ×17 · Spearman ×3 · Trebuchet (Packed) ×3 · Archer ×1
Feudal
13:09
Castle
17:31
Imperial
33:55
| APM avg | 22.9 |
| APM peak | 90 |
| eAPM avg | 20.4 |
| Villagers / military | 109 / 552 |
Focus
⚔️ 63.0% · 🌾 37.0%
Archer ×199 · Skirmisher ×176 · Spearman ×168 · Cavalry Archer ×6 · Monk ×2 · Rattan Archer ×1
Feudal
11:29
Castle
15:06
Imperial
28:01
| APM avg | 41.1 |
| APM peak | 96 |
| eAPM avg | 17.8 |
| Villagers / military | 113 / 411 |
Focus
⚔️ 44.9% · 🌾 55.1%
Chu Ko Nu ×177 · Scout Cavalry ×98 · Skirmisher ×71 · Knight ×40 · Iron Pagoda ×13 · Trebuchet (Packed) ×6
Feudal
13:45
Castle
19:58
Imperial
32:00
| APM avg | 27.4 |
| APM peak | 78 |
| eAPM avg | 24.7 |
| Villagers / military | 119 / 719 |
Focus
⚔️ 65.3% · 🌾 34.7%
Skirmisher ×304 · Archer ×265 · Spearman ×113 · Fire Lancer ×14 · Rattan Archer ×12 · Monk ×6
Match map
Initial resources + every placement click. Lines = walls · curves = elevation contours. ◆ gold · ⬟ stone · ● berries · ✦ relic · ◌ wall gap
Your base· Open — unwalled flank
BWilson9's base· Open — 7t gap
xiexieBB's base· Open — unwalled flank
Xcw's base· Open — unwalled flank
趁嘎蜚's base· Open — unwalled flank
bobzieh's base· Open — unwalled flank
qiuqiangkong's base· Open — unwalled flank
abbnn's base· Open — unwalled flank
Smoothed initial terrain · ◌ = detected wall gap · hover for details
Inputs per minute
— anit - - BWilson9
Build order — anit
93 actions detected in the replay
| 0:02 | Create | Villager (Male) |
| 0:03 | Build | House |
| 0:04 | Build | House |
| 0:36 | Create | Villager (Male) |
| 0:37 | Create | Villager (Male) |
| 0:37 | Create | Villager (Male) |
| 0:37 | Create | Villager (Male) |
| 1:37 | Create | Villager (Male) |
| 1:38 | Create | Villager (Male) |
| 1:59 | Build | House |
| 2:04 | Build | House |
| 2:16 | Create | Villager (Male) |
| 2:20 | Create | Villager (Male) |
| 2:21 | Create | Villager (Male) |
| 2:21 | Create | Villager (Male) |
| 2:51 | Build | Lumber Camp |
| 3:07 | Create | Villager (Male) |
| 3:23 | Create | Villager (Male) |
| 3:59 | Create | Villager (Male) |
| 4:29 | Create | Villager (Male) |
| 4:46 | Create | Villager (Male) |
| 4:46 | Create | Villager (Male) |
| 4:47 | Create | Villager (Male) |
| 4:47 | Create | Villager (Male) |
| 5:01 | Build | Mill |
| 6:01 | Create | Villager (Male) |
| 6:01 | Create | Villager (Male) |
| 6:01 | Create | Villager (Male) |
| 6:02 | Create | Villager (Male) |
| 6:02 | Create | Villager (Male) |
| 6:30 | Create | Villager (Male) |
| 6:39 | Create | Villager (Male) |
| 6:40 | Create | Villager (Male) |
| 7:03 | Create | Villager (Male) |
| 7:19 | Build | Mill |
| 7:23 | Create | Villager (Male) |
| 7:24 | Create | Villager (Male) |
| 7:55 | Build | House |
| 8:36 | Build | Mining Camp |
| 8:38 | Create | Villager (Male) |
| 9:21 | Research | Feudal Age |
| 9:48 | Build | Lumber Camp |
| 9:52 | Build | House |
| 9:54 | Build | House |
| 9:55 | Build | House |
| 11:09 | Build | Farm |
| 11:10 | Build | Farm |
| 11:12 | Build | Farm |
| 11:25 | Build | House |
| 11:35 | Create | Villager (Male) |
| 11:56 | Age | Feudal Age |
| 11:59 | Build | Blacksmith |
| 12:09 | Build | Market |
| 12:17 | Create | Villager (Male) |
| 12:18 | Research | Horse Collar |
| 12:34 | Research | Double-Bit Axe |
| 12:35 | Create | Villager (Male) |
| 12:41 | Build | Farm |
| 12:50 | Build | Farm |
| 13:00 | Create | Villager (Male) |
| 13:12 | Build | Farm |
| 13:15 | Build | Farm |
| 13:38 | Build | Farm |
| 13:40 | Build | Farm |
| 13:51 | Build | Farm |
| 13:59 | Create | Villager (Male) |
| 14:05 | Build | Farm |
| 14:12 | Build | Farm |
| 14:21 | Research | Castle Age |
| 15:27 | Build | Farm |
| 15:28 | Build | Farm |
| 15:29 | Build | Farm |
| 16:32 | Research | Wheelbarrow |
| 16:39 | Create | Villager (Male) |
| 16:40 | Create | Villager (Male) |
| 17:01 | Age | Castle Age |
| 17:04 | Build | Town Center |
| 17:13 | Build | Town Center |
| 17:18 | Create | Villager (Male) |
| 17:29 | Build | Monastery |
| 17:35 | Research | Heavy Plow |
| 17:57 | Research | Bow Saw |
| 18:00 | Create | Villager (Male) |
| 18:02 | Create | Villager (Male) |
| 18:16 | Research | Wheelbarrow |
| 18:27 | Create | Monk |
| 18:47 | Create | Villager (Male) ×5 |
| 18:59 | Build | House |
| 19:04 | Build | House |
| 19:06 | Build | House |
| 19:10 | Build | House |
| 19:15 | Research | Stone Mining |
| 19:21 | Create | Villager (Male) ×5 |
Build order — BWilson9
First 150 of 254 actions detected
| 0:02 | Create | Villager (Male) |
| 0:02 | Create | Villager (Male) |
| 0:03 | Create | Villager (Male) |
| 0:03 | Create | Villager (Male) |
| 0:04 | Build | House |
| 0:05 | Build | House |
| 1:25 | Create | Villager (Male) |
| 1:25 | Create | Villager (Male) |
| 1:25 | Create | Villager (Male) |
| 1:48 | Build | Lumber Camp |
| 2:07 | Create | Villager (Male) |
| 2:08 | Create | Villager (Male) |
| 2:08 | Create | Villager (Male) |
| 2:34 | Create | Villager (Male) |
| 2:34 | Create | Villager (Male) |
| 3:09 | Create | Villager (Male) |
| 3:09 | Create | Villager (Male) |
| 3:37 | Create | Villager (Male) |
| 3:37 | Create | Villager (Male) |
| 3:38 | Create | Villager (Male) |
| 3:40 | Build | Mill |
| 4:06 | Create | Villager (Male) |
| 4:06 | Create | Villager (Male) |
| 4:30 | Create | Villager (Male) |
| 4:30 | Create | Villager (Male) |
| 4:49 | Create | Villager (Male) |
| 5:01 | Build | House |
| 5:05 | Research | Loom |
| 5:06 | Create | Villager (Male) |
| 5:37 | Create | Villager (Male) |
| 6:24 | Create | Villager (Male) |
| 6:24 | Create | Villager (Male) |
| 6:26 | Create | Villager (Male) |
| 6:33 | Build | House |
| 6:41 | Build | House |
| 6:47 | Create | Villager (Male) |
| 7:17 | Build | Mill |
| 7:48 | Create | Villager (Male) |
| 7:48 | Create | Villager (Male) |
| 7:50 | Create | Villager (Male) |
| 8:34 | Research | Feudal Age |
| 8:59 | Build | Mining Camp |
| 9:26 | Create | Villager (Male) |
| 9:26 | Create | Villager (Male) |
| 9:48 | Build | Pasture |
| 9:56 | Create | Villager (Male) |
| 9:56 | Create | Villager (Male) |
| 10:04 | Build | House |
| 11:38 | Build | Market |
| 11:45 | Build | Blacksmith |
| 11:58 | Build | Pasture |
| 12:28 | Create | Villager (Male) |
| 12:37 | Build | Pasture |
| 13:07 | Research | Castle Age |
| 13:25 | Create | Villager (Male) |
| 13:25 | Create | Villager (Male) |
| 13:32 | Research | Double-Bit Axe |
| 13:50 | Build | Barracks |
| 14:13 | Research | Tech 1014 |
| 14:22 | Build | House |
| 14:25 | Build | House |
| 14:53 | Build | Stable |
| 15:07 | Create | Villager (Male) |
| 15:22 | Build | House |
| 15:32 | Research | Forging |
| 15:54 | Build | Siege Workshop |
| 15:56 | Create | Steppe Lancer |
| 15:57 | Create | Steppe Lancer |
| 15:57 | Create | Steppe Lancer |
| 15:57 | Create | Steppe Lancer |
| 16:14 | Create | Villager (Male) |
| 16:17 | Create | Steppe Lancer |
| 16:21 | Research | Bow Saw |
| 16:21 | Research | Bow Saw |
| 16:43 | Create | Steppe Lancer |
| 16:46 | Create | Villager (Male) |
| 17:15 | Build | Pasture |
| 17:19 | Create | Villager (Male) |
| 17:23 | Create | Battering Ram |
| 17:35 | Create | Villager (Male) |
| 17:55 | Build | Pasture |
| 17:59 | Create | Villager (Male) |
| 18:07 | Create | Steppe Lancer |
| 18:12 | Create | Battering Ram |
| 18:22 | Build | House |
| 18:23 | Create | Villager (Male) |
| 18:24 | Create | Villager (Male) |
| 18:43 | Build | Pasture |
| 18:45 | Create | Villager (Male) |
| 19:01 | Create | Steppe Lancer |
| 19:15 | Build | Pasture |
| 19:19 | Build | Pasture |
| 19:21 | Create | Villager (Male) |
| 19:32 | Create | Villager (Male) |
| 19:36 | Create | Steppe Lancer |
| 19:48 | Build | House |
| 19:52 | Create | Villager (Male) |
| 19:56 | Create | Battering Ram |
| 20:02 | Create | Steppe Lancer |
| 20:14 | Create | Villager (Male) |
| 20:23 | Create | Villager (Male) |
| 20:28 | Build | Pasture |
| 20:31 | Create | Steppe Lancer |
| 20:46 | Create | Villager (Male) |
| 20:50 | Create | Steppe Lancer |
| 21:05 | Build | Pasture |
| 21:08 | Research | Tech 1013 |
| 21:20 | Create | Steppe Lancer |
| 21:32 | Build | House |
| 21:36 | Build | House |
| 21:43 | Create | Steppe Lancer |
| 22:00 | Create | Steppe Lancer |
| 22:19 | Create | Villager (Male) |
| 22:19 | Create | Villager (Male) |
| 22:26 | Build | House |
| 22:27 | Build | House |
| 22:27 | Build | House |
| 22:33 | Create | Steppe Lancer |
| 22:34 | Create | Steppe Lancer |
| 22:46 | Build | Pasture |
| 23:20 | Create | Villager (Male) |
| 23:20 | Create | Villager (Male) |
| 23:29 | Create | Steppe Lancer |
| 23:29 | Create | Steppe Lancer |
| 23:42 | Create | Villager (Male) |
| 23:49 | Build | Town Center |
| 24:06 | Research | Gold Mining |
| 24:25 | Build | House |
| 24:25 | Build | House |
| 24:30 | Research | Iron Casting |
| 24:31 | Research | Scale Barding Armor |
| 24:33 | Create | Villager (Male) |
| 24:33 | Create | Villager (Male) |
| 24:39 | Research | Wheelbarrow |
| 25:05 | Create | Steppe Lancer |
| 25:06 | Create | Steppe Lancer |
| 25:17 | Build | Stable |
| 25:59 | Create | Villager (Male) |
| 25:59 | Create | Villager (Male) |
| 26:00 | Create | Villager (Male) |
| 26:03 | Build | House |
| 26:04 | Build | House |
| 26:05 | Build | House |
| 26:06 | Build | House |
| 26:13 | Create | Villager (Male) |
| 26:13 | Create | Villager (Male) |
| 26:22 | Create | Steppe Lancer |
| 26:23 | Create | Steppe Lancer |
| 26:23 | Create | Steppe Lancer |
| 27:01 | Create | Steppe Lancer |
Build order — xiexieBB
First 150 of 457 actions detected
| 0:03 | Create | Villager (Male) |
| 0:03 | Create | Villager (Male) |
| 0:03 | Create | Villager (Male) |
| 0:07 | Build | House |
| 0:13 | Build | House |
| 0:33 | Create | Villager (Male) |
| 0:33 | Create | Villager (Male) |
| 1:39 | Create | Villager (Male) |
| 1:48 | Build | Lumber Camp |
| 2:13 | Create | Villager (Male) |
| 2:45 | Create | Villager (Male) |
| 3:08 | Create | Villager (Male) |
| 3:09 | Create | Villager (Male) |
| 3:29 | Create | Villager (Male) |
| 4:02 | Create | Villager (Male) |
| 4:03 | Create | Villager (Male) |
| 4:03 | Create | Villager (Male) |
| 4:08 | Build | House |
| 4:12 | Research | Loom |
| 4:13 | Create | Villager (Male) |
| 4:23 | Build | Mill |
| 4:28 | Create | Villager (Male) |
| 4:28 | Create | Villager (Male) |
| 4:41 | Create | Villager (Male) |
| 4:41 | Create | Villager (Male) |
| 5:12 | Create | Villager (Male) |
| 5:13 | Create | Villager (Male) |
| 5:20 | Build | House |
| 5:41 | Build | House |
| 6:11 | Create | Villager (Male) |
| 6:11 | Create | Villager (Male) |
| 6:11 | Create | Villager (Male) |
| 6:25 | Build | Mining Camp |
| 6:31 | Create | Villager (Male) |
| 6:31 | Create | Villager (Male) |
| 7:35 | Create | Villager (Male) |
| 7:46 | Create | Villager (Male) |
| 7:47 | Create | Villager (Male) |
| 8:56 | Research | Feudal Age |
| 10:22 | Create | Villager (Male) |
| 10:22 | Create | Villager (Male) |
| 10:57 | Build | House |
| 11:40 | Age | Feudal Age |
| 11:44 | Build | Market |
| 11:48 | Build | Blacksmith |
| 12:11 | Create | Villager (Male) |
| 12:25 | Build | Lumber Camp |
| 12:34 | Build | Mining Camp |
| 12:48 | Research | Castle Age |
| 13:06 | Build | House |
| 13:08 | Build | House |
| 13:12 | Build | House |
| 13:13 | Build | House |
| 13:14 | Build | House |
| 13:33 | Build | Farm |
| 13:34 | Build | Farm |
| 13:35 | Build | Farm |
| 13:36 | Build | Farm |
| 13:38 | Build | Farm |
| 13:48 | Build | Farm |
| 13:49 | Build | Farm |
| 13:51 | Build | Farm |
| 13:53 | Build | Farm |
| 14:02 | Build | Farm |
| 14:10 | Build | Farm |
| 14:48 | Research | Horse Collar |
| 15:13 | Age | Castle Age |
| 15:22 | Research | Double-Bit Axe |
| 15:39 | Build | Farm |
| 15:42 | Create | Villager (Male) |
| 15:57 | Build | Town Center |
| 16:02 | Create | Villager (Male) |
| 16:10 | Build | Farm |
| 16:14 | Create | Villager (Male) |
| 16:31 | Build | Farm |
| 16:38 | Create | Villager (Male) |
| 16:38 | Create | Villager (Male) |
| 16:56 | Build | Farm |
| 17:08 | Create | Villager (Male) |
| 17:20 | Build | Farm |
| 17:29 | Create | Villager (Male) |
| 17:38 | Create | Villager (Male) |
| 17:38 | Create | Villager (Male) |
| 17:45 | Create | Villager (Male) |
| 17:45 | Create | Villager (Male) |
| 18:04 | Create | Villager (Male) |
| 18:16 | Build | Town Center |
| 18:25 | Create | Villager (Male) |
| 18:25 | Create | Villager (Male) |
| 18:30 | Create | Villager (Male) |
| 18:40 | Create | Villager (Male) |
| 18:58 | Build | Town Center |
| 19:04 | Create | Villager (Male) |
| 19:05 | Create | Villager (Male) |
| 19:17 | Build | Farm |
| 19:21 | Build | Farm |
| 19:22 | Build | Farm |
| 19:24 | Build | Farm |
| 19:31 | Build | Farm |
| 19:33 | Build | Farm |
| 19:35 | Create | Villager (Male) |
| 19:43 | Create | Villager (Male) |
| 19:43 | Create | Villager (Male) |
| 19:47 | Build | Farm |
| 19:58 | Create | Villager (Male) |
| 19:59 | Create | Villager (Male) |
| 20:13 | Create | Villager (Male) |
| 20:14 | Create | Villager (Male) |
| 20:24 | Build | Farm |
| 20:25 | Build | Farm |
| 20:26 | Build | Farm |
| 20:29 | Create | Villager (Male) |
| 20:33 | Create | Villager (Male) |
| 20:34 | Create | Villager (Male) |
| 20:39 | Create | Villager (Male) |
| 20:41 | Create | Villager (Male) |
| 21:13 | Build | Town Center |
| 21:19 | Build | Farm |
| 21:22 | Create | Villager (Male) |
| 21:23 | Create | Villager (Male) |
| 21:24 | Create | Villager (Male) |
| 21:29 | Create | Villager (Male) |
| 21:35 | Build | Farm |
| 21:36 | Build | Farm |
| 21:38 | Build | Farm |
| 21:39 | Build | Farm |
| 21:46 | Build | Farm |
| 21:54 | Create | Villager (Male) |
| 21:57 | Create | Villager (Male) |
| 21:58 | Create | Villager (Male) |
| 21:59 | Create | Villager (Male) |
| 22:00 | Create | Villager (Male) |
| 22:00 | Create | Villager (Male) |
| 22:05 | Build | Farm |
| 22:13 | Build | Farm |
| 22:14 | Build | Farm |
| 22:16 | Build | Farm |
| 22:18 | Build | Farm |
| 22:20 | Build | Farm |
| 22:27 | Create | Villager (Male) |
| 22:27 | Create | Villager (Male) |
| 22:34 | Create | Villager (Male) |
| 22:35 | Create | Villager (Male) |
| 22:36 | Create | Villager (Male) |
| 22:38 | Create | Villager (Male) |
| 22:52 | Create | Villager (Male) |
| 22:53 | Create | Villager (Male) |
| 22:55 | Create | Villager (Male) |
| 23:06 | Build | Farm |
| 23:08 | Build | Farm |
Build order — Xcw
First 150 of 393 actions detected
| 0:02 | Create | Villager (Male) |
| 0:02 | Create | Villager (Male) |
| 0:03 | Create | Villager (Male) |
| 0:03 | Create | Villager (Male) |
| 0:06 | Build | House |
| 1:26 | Create | Villager (Male) |
| 1:26 | Create | Villager (Male) |
| 1:38 | Build | House |
| 1:52 | Build | House |
| 2:16 | Build | Settlement |
| 2:17 | Create | Villager (Male) |
| 2:17 | Create | Villager (Male) |
| 2:17 | Create | Villager (Male) |
| 2:50 | Create | Villager (Male) |
| 2:50 | Create | Villager (Male) |
| 3:16 | Create | Villager (Male) |
| 3:44 | Create | Villager (Male) |
| 3:45 | Create | Villager (Male) |
| 4:26 | Create | Villager (Male) |
| 4:26 | Create | Villager (Male) |
| 4:26 | Create | Villager (Male) |
| 4:54 | Create | Villager (Male) |
| 5:17 | Create | Villager (Male) |
| 5:17 | Create | Villager (Male) |
| 5:34 | Build | House |
| 6:07 | Build | Settlement |
| 6:08 | Create | Villager (Male) |
| 6:09 | Create | Villager (Male) |
| 6:36 | Create | Villager (Male) |
| 7:11 | Create | Villager (Male) |
| 8:02 | Research | Feudal Age |
| 8:31 | Create | Villager (Male) |
| 8:32 | Create | Villager (Male) |
| 9:11 | Create | Villager (Male) |
| 10:12 | Age | Feudal Age |
| 10:26 | Build | Market |
| 10:30 | Build | Blacksmith |
| 11:53 | Research | Castle Age |
| 12:59 | Research | Double-Bit Axe |
| 13:06 | Build | House |
| 13:17 | Build | House |
| 13:29 | Build | Farm |
| 13:57 | Create | Villager (Male) |
| 13:58 | Create | Villager (Male) |
| 14:33 | Age | Castle Age |
| 14:44 | Build | Town Center |
| 14:48 | Create | Villager (Male) |
| 14:58 | Build | Siege Workshop |
| 15:12 | Build | Monastery |
| 15:28 | Create | Villager (Male) |
| 15:29 | Create | Villager (Male) |
| 15:31 | Build | Farm |
| 15:33 | Build | Farm |
| 15:36 | Build | Farm |
| 15:37 | Build | Farm |
| 15:52 | Create | Villager (Male) |
| 15:52 | Create | Villager (Male) |
| 15:58 | Build | Farm |
| 15:59 | Build | Farm |
| 16:00 | Create | Monk |
| 16:38 | Build | Farm |
| 16:44 | Build | Farm |
| 16:45 | Build | Farm |
| 16:52 | Build | Farm |
| 17:00 | Build | Barracks |
| 17:03 | Create | Villager (Male) |
| 17:03 | Create | Villager (Male) |
| 17:04 | Create | Villager (Male) |
| 17:12 | Build | Farm |
| 17:24 | Build | Farm |
| 17:26 | Create | Villager (Male) |
| 17:26 | Create | Villager (Male) |
| 17:34 | Build | House |
| 17:43 | Build | Farm |
| 17:46 | Create | Villager (Male) |
| 17:46 | Create | Villager (Male) |
| 18:06 | Create | Villager (Male) |
| 18:07 | Create | Villager (Male) |
| 18:11 | Build | Farm |
| 18:17 | Create | Villager (Male) |
| 18:17 | Create | Villager (Male) |
| 18:20 | Build | Farm |
| 18:27 | Build | Farm |
| 18:29 | Create | Villager (Male) |
| 18:29 | Create | Villager (Male) |
| 18:39 | Create | Villager (Male) |
| 18:39 | Create | Villager (Male) |
| 18:44 | Build | Farm |
| 18:54 | Build | Farm |
| 18:56 | Create | Villager (Male) |
| 19:19 | Create | Spearman |
| 19:22 | Create | Villager (Male) |
| 19:22 | Create | Villager (Male) |
| 19:22 | Create | Villager (Male) |
| 19:23 | Create | Villager (Male) |
| 19:32 | Build | Farm |
| 19:32 | Build | Farm |
| 19:34 | Build | Farm |
| 19:35 | Build | Farm |
| 19:40 | Create | Villager (Male) |
| 19:43 | Build | Farm |
| 19:45 | Build | Farm |
| 19:47 | Create | Villager (Male) |
| 19:47 | Create | Villager (Male) |
| 19:54 | Create | Villager (Male) |
| 19:54 | Create | Villager (Male) |
| 20:06 | Create | Villager (Male) |
| 20:07 | Create | Villager (Male) |
| 20:23 | Research | Scale Mail Armor |
| 20:35 | Create | Villager (Male) |
| 20:35 | Create | Villager (Male) |
| 20:51 | Create | Villager (Male) |
| 20:51 | Create | Villager (Male) |
| 20:51 | Create | Villager (Male) |
| 21:00 | Create | Unit 2550 |
| 21:09 | Build | Barracks |
| 21:11 | Create | Villager (Male) |
| 21:11 | Create | Villager (Male) |
| 21:11 | Create | Villager (Male) |
| 21:24 | Research | Horse Collar |
| 21:25 | Research | Horse Collar |
| 21:51 | Research | Forging |
| 21:53 | Create | Villager (Male) |
| 21:54 | Create | Villager (Male) |
| 22:04 | Build | Farm |
| 22:05 | Build | Farm |
| 22:10 | Build | Town Center |
| 22:24 | Build | Farm |
| 22:24 | Build | Farm |
| 22:26 | Build | Farm |
| 22:33 | Research | Wheelbarrow |
| 22:34 | Create | Villager (Male) |
| 22:34 | Create | Villager (Male) |
| 22:34 | Create | Villager (Male) |
| 22:38 | Create | Unit 2550 |
| 22:53 | Create | Villager (Male) |
| 22:54 | Create | Villager (Male) |
| 22:54 | Create | Villager (Male) |
| 22:58 | Create | Mangonel |
| 23:21 | Create | Villager (Male) |
| 23:21 | Create | Villager (Male) |
| 23:23 | Build | House |
| 23:27 | Build | Archery Range |
| 23:35 | Build | Archery Range |
| 23:42 | Build | House |
| 23:43 | Build | House |
| 23:46 | Research | Town Watch |
| 23:47 | Research | Loom |
| 24:01 | Create | Villager (Male) |
| 24:02 | Create | Villager (Male) |
Build order — 趁嘎蜚
First 150 of 544 actions detected
| 0:01 | Create | Villager (Male) |
| 0:01 | Create | Villager (Male) |
| 0:01 | Create | Villager (Male) |
| 0:02 | Create | Villager (Male) |
| 0:03 | Build | House |
| 0:06 | Build | House |
| 1:48 | Create | Villager (Male) |
| 1:48 | Create | Villager (Male) |
| 1:52 | Build | Mill |
| 2:06 | Create | Villager (Male) |
| 2:06 | Create | Villager (Male) |
| 2:06 | Create | Villager (Male) |
| 2:23 | Create | Villager (Male) |
| 2:23 | Create | Villager (Male) |
| 2:23 | Create | Villager (Male) |
| 2:47 | Build | Lumber Camp |
| 2:54 | Create | Villager (Male) |
| 2:54 | Create | Villager (Male) |
| 2:54 | Create | Villager (Male) |
| 2:59 | Create | Villager (Male) |
| 3:20 | Create | Villager (Male) |
| 3:21 | Create | Villager (Male) |
| 4:07 | Build | House |
| 4:10 | Build | House |
| 4:12 | Create | Villager (Male) |
| 4:12 | Create | Villager (Male) |
| 4:14 | Create | Villager (Male) |
| 4:14 | Create | Villager (Male) |
| 4:14 | Create | Villager (Male) |
| 4:29 | Create | Villager (Male) |
| 4:29 | Create | Villager (Male) |
| 4:29 | Create | Villager (Male) |
| 4:55 | Build | House |
| 4:58 | Create | Villager (Male) |
| 4:58 | Create | Villager (Male) |
| 4:58 | Create | Villager (Male) |
| 5:05 | Create | Villager (Male) |
| 5:05 | Create | Villager (Male) |
| 5:30 | Build | Mill |
| 5:50 | Create | Villager (Male) |
| 5:50 | Create | Villager (Male) |
| 6:12 | Create | Villager (Male) |
| 6:12 | Create | Villager (Male) |
| 6:12 | Create | Villager (Male) |
| 6:19 | Build | Farm |
| 6:22 | Build | Farm |
| 6:28 | Build | Farm |
| 6:33 | Create | Villager (Male) |
| 6:51 | Build | Farm |
| 6:54 | Build | Farm |
| 7:21 | Build | Farm |
| 7:58 | Create | Villager (Male) |
| 8:14 | Build | Mining Camp |
| 8:49 | Research | Feudal Age |
| 9:31 | Create | Villager (Male) |
| 9:31 | Create | Villager (Male) |
| 9:32 | Create | Villager (Male) |
| 10:42 | Build | Farm |
| 10:46 | Build | Farm |
| 11:03 | Age | Feudal Age |
| 11:06 | Build | Market |
| 11:18 | Build | Palisade Gate |
| 11:29 | Build | Blacksmith |
| 11:32 | Build | House |
| 12:09 | Build | Mining Camp |
| 12:12 | Research | Castle Age |
| 12:32 | Build | Building 487 |
| 12:48 | Create | Villager (Male) |
| 12:49 | Create | Villager (Male) |
| 12:49 | Create | Villager (Male) |
| 13:19 | Research | Double-Bit Axe |
| 13:19 | Research | Double-Bit Axe |
| 13:39 | Research | Horse Collar |
| 14:58 | Age | Castle Age |
| 15:01 | Build | Town Center |
| 15:03 | Create | Villager (Male) |
| 15:08 | Research | Bow Saw |
| 15:09 | Create | Villager (Male) |
| 15:15 | Build | House |
| 15:19 | Build | House |
| 15:21 | Create | Villager (Male) |
| 15:39 | Create | Villager (Male) |
| 15:53 | Build | House |
| 16:03 | Build | Farm |
| 16:13 | Create | Villager (Male) |
| 16:18 | Create | Villager (Male) |
| 16:27 | Build | Farm |
| 16:33 | Build | House |
| 16:46 | Build | Farm |
| 17:00 | Build | Farm |
| 17:11 | Create | Villager (Male) |
| 17:13 | Create | Villager (Male) |
| 17:21 | Build | House |
| 17:33 | Build | Farm |
| 17:34 | Create | Villager (Male) |
| 17:48 | Create | Villager (Male) |
| 17:52 | Create | Villager (Male) |
| 18:05 | Build | Siege Workshop |
| 18:05 | Create | Villager (Male) |
| 18:11 | Create | Villager (Male) |
| 18:21 | Create | Villager (Male) |
| 18:31 | Create | Villager (Male) |
| 18:41 | Create | Villager (Male) |
| 18:47 | Build | Town Center |
| 18:47 | Create | Villager (Male) |
| 18:55 | Create | Villager (Male) |
| 18:58 | Build | Building 490 |
| 19:07 | Build | Farm |
| 19:11 | Build | Farm |
| 19:29 | Create | Mangonel |
| 19:36 | Create | Villager (Male) |
| 19:45 | Build | Castle |
| 19:46 | Build | Castle |
| 19:47 | Create | Villager (Male) |
| 19:53 | Build | House |
| 19:55 | Create | Villager (Male) |
| 19:56 | Create | Villager (Male) |
| 19:59 | Build | Farm |
| 19:59 | Build | Farm |
| 20:00 | Build | Farm |
| 20:00 | Build | Farm |
| 20:00 | Build | Farm |
| 20:00 | Build | Farm |
| 20:01 | Build | Farm |
| 20:13 | Create | Villager (Male) |
| 20:15 | Create | Villager (Male) |
| 20:17 | Create | Villager (Male) |
| 20:20 | Build | Farm |
| 20:21 | Build | Farm |
| 20:21 | Build | Farm |
| 20:23 | Build | Farm |
| 20:23 | Build | Farm |
| 20:23 | Build | Farm |
| 20:24 | Build | Farm |
| 20:24 | Build | Farm |
| 20:24 | Build | Farm |
| 20:26 | Create | Villager (Male) |
| 20:36 | Create | Villager (Male) |
| 20:41 | Create | Villager (Male) |
| 20:47 | Build | House |
| 20:50 | Create | Villager (Male) |
| 20:54 | Build | Farm |
| 20:54 | Build | Farm |
| 20:54 | Build | Farm |
| 20:57 | Build | Farm |
| 20:59 | Build | Farm |
| 21:07 | Build | Farm |
| 21:08 | Build | Farm |
| 21:10 | Build | Farm |
| 21:11 | Create | Villager (Male) |
Build order — bobzieh
First 150 of 814 actions detected
| 0:02 | Create | Villager (Male) |
| 0:02 | Create | Villager (Male) |
| 0:03 | Create | Villager (Male) |
| 0:05 | Build | House |
| 0:07 | Build | House |
| 0:11 | Create | Villager (Male) |
| 1:26 | Create | Villager (Male) |
| 1:51 | Build | Lumber Camp |
| 2:01 | Create | Villager (Male) |
| 2:18 | Create | Villager (Male) |
| 2:59 | Create | Villager (Male) |
| 3:07 | Create | Villager (Male) |
| 3:40 | Create | Villager (Male) |
| 3:53 | Build | House |
| 3:55 | Build | House |
| 3:56 | Create | Villager (Male) |
| 4:47 | Create | Villager (Male) |
| 4:55 | Build | Mill |
| 5:22 | Create | Villager (Male) |
| 5:23 | Create | Villager (Male) |
| 5:59 | Create | Villager (Male) |
| 5:59 | Create | Villager (Male) |
| 6:09 | Create | Villager (Male) |
| 6:39 | Create | Villager (Male) |
| 6:42 | Create | Villager (Male) |
| 7:07 | Create | Villager (Male) |
| 7:10 | Create | Villager (Male) |
| 7:16 | Create | Villager (Male) |
| 7:36 | Create | Villager (Male) |
| 7:45 | Build | Lumber Camp |
| 8:01 | Build | Mill |
| 8:32 | Create | Villager (Male) |
| 8:34 | Create | Villager (Male) |
| 8:54 | Create | Villager (Male) |
| 8:59 | Create | Villager (Male) |
| 9:05 | Build | House |
| 9:16 | Research | Loom |
| 9:17 | Create | Villager (Male) |
| 9:18 | Create | Villager (Male) |
| 9:18 | Create | Villager (Male) |
| 9:18 | Create | Villager (Male) |
| 9:19 | Create | Villager (Male) |
| 9:38 | Build | House |
| 9:39 | Build | House |
| 9:42 | Build | House |
| 9:44 | Build | House |
| 10:16 | Research | Feudal Age |
| 10:38 | Build | Mining Camp |
| 11:05 | Build | Farm |
| 11:07 | Build | Farm |
| 11:10 | Build | Farm |
| 11:13 | Build | Farm |
| 11:16 | Create | Villager (Male) |
| 11:16 | Create | Villager (Male) |
| 11:16 | Create | Villager (Male) |
| 11:16 | Create | Villager (Male) |
| 11:20 | Build | Farm |
| 11:29 | Build | Farm |
| 11:57 | Build | Barracks |
| 13:09 | Age | Feudal Age |
| 13:16 | Build | Market |
| 13:25 | Create | Villager (Male) |
| 13:46 | Build | Blacksmith |
| 13:57 | Research | Double-Bit Axe |
| 14:01 | Research | Horse Collar |
| 14:10 | Build | Farm |
| 14:12 | Build | Farm |
| 14:13 | Build | Farm |
| 14:51 | Research | Castle Age |
| 15:07 | Build | Farm |
| 15:10 | Build | Farm |
| 15:16 | Build | Farm |
| 15:30 | Build | Farm |
| 15:44 | Build | Mining Camp |
| 16:06 | Build | Archery Range |
| 16:33 | Research | Gold Mining |
| 16:36 | Research | Stone Mining |
| 16:44 | Create | Villager (Male) |
| 16:44 | Create | Villager (Male) |
| 16:45 | Create | Villager (Male) |
| 16:46 | Create | Villager (Male) |
| 16:56 | Build | Archery Range |
| 17:01 | Research | Fletching |
| 17:31 | Age | Castle Age |
| 17:49 | Build | Town Center |
| 17:59 | Research | Wheelbarrow |
| 18:02 | Research | Bow Saw |
| 18:14 | Create | Skirmisher |
| 18:14 | Create | Skirmisher |
| 18:14 | Create | Skirmisher |
| 18:21 | Build | House |
| 18:27 | Create | Villager (Male) |
| 19:22 | Build | House |
| 19:23 | Build | House |
| 19:24 | Build | House |
| 19:45 | Create | Villager (Male) |
| 19:45 | Create | Villager (Male) |
| 19:46 | Create | Villager (Male) |
| 19:52 | Research | Town Watch |
| 19:58 | Create | Villager (Male) |
| 19:58 | Create | Villager (Male) |
| 19:58 | Create | Villager (Male) |
| 19:59 | Create | Villager (Male) |
| 19:59 | Create | Villager (Male) |
| 20:04 | Research | Elite Skirmisher (upgrade) |
| 20:05 | Create | Skirmisher |
| 20:05 | Create | Skirmisher |
| 20:05 | Create | Skirmisher |
| 20:20 | Create | Villager (Male) |
| 20:20 | Create | Villager (Male) |
| 20:26 | Build | Farm |
| 20:43 | Create | Skirmisher |
| 20:43 | Create | Skirmisher |
| 20:56 | Create | Skirmisher |
| 20:56 | Create | Skirmisher |
| 20:56 | Create | Skirmisher |
| 21:11 | Build | Monastery |
| 21:16 | Build | Monastery |
| 21:22 | Build | Farm |
| 21:59 | Create | Villager (Male) |
| 22:04 | Research | Heavy Plow |
| 22:15 | Create | Villager (Male) |
| 22:16 | Create | Villager (Male) |
| 22:16 | Create | Villager (Male) |
| 22:24 | Build | Farm |
| 22:26 | Build | Farm |
| 22:27 | Build | Farm |
| 22:31 | Build | Farm |
| 22:34 | Build | Farm |
| 22:36 | Build | Farm |
| 22:39 | Create | Villager (Male) |
| 22:39 | Create | Villager (Male) |
| 23:08 | Build | House |
| 23:09 | Build | House |
| 23:10 | Build | House |
| 23:17 | Create | Villager (Male) |
| 23:17 | Create | Villager (Male) |
| 23:18 | Create | Villager (Male) |
| 23:25 | Build | Town Center |
| 23:33 | Build | Lumber Camp |
| 23:37 | Create | Villager (Male) |
| 23:37 | Create | Villager (Male) |
| 23:38 | Create | Villager (Male) |
| 23:38 | Create | Villager (Male) |
| 23:49 | Create | Villager (Male) |
| 24:27 | Create | Monk |
| 24:44 | Research | Hand Cart |
| 24:54 | Build | House |
| 24:58 | Build | House |
| 25:20 | Build | Castle |
Build order — qiuqiangkong
First 150 of 429 actions detected
| 0:03 | Research | Loom |
| 0:48 | Create | Villager (Male) |
| 1:19 | Create | Villager (Male) |
| 1:44 | Create | Villager (Male) |
| 1:49 | Build | Lumber Camp |
| 2:11 | Create | Villager (Male) |
| 2:33 | Create | Villager (Male) |
| 2:59 | Create | Villager (Male) |
| 3:23 | Create | Villager (Male) |
| 3:31 | Build | House |
| 3:51 | Create | Villager (Male) |
| 4:10 | Create | Villager (Male) |
| 4:13 | Build | House |
| 4:21 | Build | Mill |
| 4:39 | Create | Villager (Male) |
| 4:42 | Build | House |
| 4:59 | Create | Villager (Male) |
| 5:11 | Create | Villager (Male) |
| 5:50 | Create | Villager (Male) |
| 6:15 | Create | Villager (Male) |
| 6:38 | Create | Villager (Male) |
| 7:01 | Create | Villager (Male) |
| 7:17 | Build | Farm |
| 7:20 | Build | Farm |
| 7:21 | Create | Villager (Male) |
| 7:39 | Build | Farm |
| 7:45 | Create | Villager (Male) |
| 8:06 | Build | Mining Camp |
| 8:25 | Build | Mining Camp |
| 8:29 | Create | Villager (Male) |
| 8:50 | Create | Villager (Male) |
| 9:05 | Research | Feudal Age |
| 11:23 | Create | Villager (Male) |
| 11:23 | Create | Villager (Male) |
| 11:29 | Age | Feudal Age |
| 11:34 | Build | Market |
| 11:36 | Build | Blacksmith |
| 12:26 | Research | Castle Age |
| 12:32 | Build | House |
| 12:40 | Research | Double-Bit Axe |
| 12:47 | Research | Horse Collar |
| 13:01 | Build | House |
| 13:07 | Build | Farm |
| 13:12 | Research | Double-Bit Axe |
| 14:49 | Create | Villager (Male) |
| 14:52 | Build | Farm |
| 15:00 | Create | Villager (Male) |
| 15:06 | Age | Castle Age |
| 15:08 | Build | Castle |
| 15:17 | Build | Castle |
| 15:19 | Create | Villager (Male) |
| 15:22 | Build | Monastery |
| 15:25 | Build | Palisade Wall |
| 15:27 | Build | Palisade Wall |
| 15:34 | Build | Palisade Wall |
| 15:36 | Build | Palisade Wall |
| 15:40 | Create | Villager (Male) |
| 15:42 | Build | Farm |
| 16:03 | Build | Town Center |
| 16:15 | Build | Farm |
| 16:23 | Build | Lumber Camp |
| 16:30 | Create | Villager (Male) |
| 16:34 | Create | Monk |
| 17:01 | Create | Villager (Male) |
| 17:04 | Build | Farm |
| 17:17 | Build | Mill |
| 17:20 | Create | Villager (Male) |
| 17:27 | Build | Farm |
| 17:34 | Create | Villager (Male) |
| 17:40 | Build | Farm |
| 17:42 | Create | Chu Ko Nu |
| 17:57 | Build | Farm |
| 18:00 | Create | Villager (Male) |
| 18:01 | Create | Villager (Male) |
| 18:01 | Create | Villager (Male) |
| 18:07 | Build | Farm |
| 18:13 | Create | Villager (Male) |
| 18:24 | Build | Farm |
| 18:26 | Create | Chu Ko Nu |
| 18:30 | Create | Villager (Male) |
| 18:31 | Create | Villager (Male) |
| 18:36 | Build | Farm |
| 18:42 | Create | Chu Ko Nu |
| 18:49 | Build | Farm |
| 18:53 | Research | Fletching |
| 19:01 | Build | Farm |
| 19:02 | Create | Villager (Male) |
| 19:04 | Create | Villager (Male) |
| 19:07 | Build | Farm |
| 19:09 | Create | Chu Ko Nu |
| 19:09 | Create | Chu Ko Nu |
| 19:21 | Create | Chu Ko Nu |
| 19:24 | Build | Farm |
| 19:28 | Create | Villager (Male) |
| 19:29 | Create | Villager (Male) |
| 19:37 | Create | Chu Ko Nu |
| 19:41 | Build | Farm |
| 19:49 | Research | Bow Saw |
| 19:56 | Create | Villager (Male) |
| 20:00 | Create | Chu Ko Nu |
| 20:09 | Create | Villager (Male) |
| 20:09 | Create | Villager (Male) |
| 20:13 | Build | Farm |
| 20:15 | Build | Farm |
| 20:25 | Create | Petard |
| 20:27 | Create | Villager (Male) |
| 20:32 | Create | Villager (Male) |
| 20:39 | Create | Monk |
| 20:43 | Create | Villager (Male) |
| 20:47 | Build | Farm |
| 20:50 | Build | Farm |
| 20:52 | Build | Farm |
| 20:54 | Create | Chu Ko Nu |
| 20:58 | Create | Petard |
| 21:00 | Create | Villager (Male) |
| 21:07 | Build | Farm |
| 21:11 | Build | House |
| 21:12 | Build | House |
| 21:14 | Create | Villager (Male) |
| 21:15 | Create | Villager (Male) |
| 21:23 | Create | Chu Ko Nu |
| 21:32 | Create | Villager (Male) |
| 21:32 | Create | Villager (Male) |
| 21:48 | Create | Villager (Male) |
| 21:57 | Create | Chu Ko Nu |
| 21:57 | Create | Chu Ko Nu |
| 22:05 | Build | Farm |
| 22:06 | Build | Farm |
| 22:07 | Build | Farm |
| 22:09 | Research | Wheelbarrow |
| 22:12 | Build | Farm |
| 22:13 | Build | Farm |
| 22:14 | Create | Villager (Male) |
| 22:14 | Create | Villager (Male) |
| 22:25 | Create | Chu Ko Nu |
| 22:30 | Build | House |
| 22:30 | Build | House |
| 22:42 | Create | Villager (Male) |
| 22:42 | Create | Villager (Male) |
| 22:58 | Create | Chu Ko Nu |
| 22:58 | Create | Chu Ko Nu |
| 23:13 | Build | Mining Camp |
| 23:19 | Create | Villager (Male) |
| 23:19 | Create | Villager (Male) |
| 23:29 | Build | House |
| 23:30 | Build | House |
| 23:43 | Create | Villager (Male) |
| 24:04 | Build | University |
| 24:22 | Create | Villager (Male) |
| 24:23 | Create | Villager (Male) |
Build order — abbnn
First 150 of 1076 actions detected
| 0:04 | Research | Loom |
| 0:05 | Create | Villager (Male) |
| 0:05 | Create | Villager (Male) |
| 0:08 | Build | House |
| 0:27 | Create | Villager (Male) |
| 0:28 | Create | Villager (Male) |
| 0:28 | Create | Villager (Male) |
| 0:28 | Create | Villager (Male) |
| 0:38 | Build | Mining Camp |
| 0:43 | Build | House |
| 0:44 | Build | House |
| 0:45 | Build | House |
| 2:01 | Create | Villager (Male) |
| 2:01 | Create | Villager (Male) |
| 2:02 | Create | Villager (Male) |
| 2:02 | Create | Villager (Male) |
| 2:40 | Create | Villager (Male) |
| 2:40 | Create | Villager (Male) |
| 2:41 | Create | Villager (Male) |
| 2:41 | Create | Villager (Male) |
| 3:09 | Create | Villager (Male) |
| 3:09 | Create | Villager (Male) |
| 3:36 | Create | Villager (Male) |
| 3:59 | Create | Villager (Male) |
| 4:32 | Create | Villager (Male) |
| 5:32 | Build | Lumber Camp |
| 5:35 | Create | Villager (Male) |
| 5:35 | Create | Villager (Male) |
| 5:36 | Create | Villager (Male) |
| 6:03 | Create | Villager (Male) |
| 6:24 | Create | Villager (Male) |
| 6:24 | Create | Villager (Male) |
| 6:42 | Create | Villager (Male) |
| 7:03 | Create | Villager (Male) |
| 7:51 | Create | Villager (Male) |
| 7:51 | Create | Villager (Male) |
| 7:51 | Create | Villager (Male) |
| 7:52 | Create | Villager (Male) |
| 8:04 | Build | Mining Camp |
| 8:24 | Build | House |
| 8:25 | Build | House |
| 9:28 | Create | Villager (Male) |
| 9:30 | Create | Villager (Male) |
| 9:57 | Build | Mill |
| 10:06 | Build | Mill |
| 10:32 | Create | Villager (Male) |
| 11:35 | Research | Feudal Age |
| 11:35 | Research | Feudal Age |
| 13:34 | Build | Farm |
| 13:35 | Build | Farm |
| 13:35 | Build | Farm |
| 13:35 | Build | Farm |
| 13:36 | Build | Farm |
| 13:45 | Age | Feudal Age |
| 13:49 | Research | Wheelbarrow |
| 13:51 | Research | Double-Bit Axe |
| 13:58 | Build | Market |
| 14:00 | Build | Blacksmith |
| 14:08 | Create | Villager (Male) |
| 14:16 | Create | Villager (Male) |
| 15:01 | Build | Barracks |
| 15:47 | Build | Stone Wall |
| 15:48 | Build | Stone Wall |
| 15:51 | Build | Stone Wall |
| 15:58 | Build | Building 665 |
| 17:00 | Build | Stone Wall |
| 17:18 | Research | Castle Age |
| 17:19 | Research | Castle Age |
| 17:41 | Build | Archery Range |
| 17:42 | Build | Archery Range |
| 17:48 | Research | Stone Mining |
| 17:51 | Research | Gold Mining |
| 18:32 | Research | Padded Archer Armor |
| 18:38 | Create | Villager (Male) |
| 18:38 | Create | Villager (Male) |
| 18:43 | Build | Farm |
| 18:43 | Build | Farm |
| 18:44 | Build | Farm |
| 18:44 | Build | Farm |
| 18:44 | Build | Farm |
| 18:45 | Build | Farm |
| 18:45 | Build | Farm |
| 19:20 | Research | Fletching |
| 19:28 | Build | House |
| 19:29 | Build | House |
| 19:30 | Build | House |
| 19:58 | Age | Castle Age |
| 19:59 | Research | Bow Saw |
| 20:00 | Research | Bow Saw |
| 20:00 | Research | Bow Saw |
| 20:08 | Build | Town Center |
| 20:16 | Build | Castle |
| 20:29 | Create | Villager (Male) |
| 20:29 | Create | Villager (Male) |
| 20:38 | Build | Town Center |
| 21:10 | Create | Villager (Male) |
| 21:11 | Create | Villager (Male) |
| 21:13 | Create | Villager (Male) |
| 21:14 | Create | Villager (Male) |
| 21:55 | Create | Villager (Male) |
| 21:55 | Create | Villager (Male) |
| 22:09 | Build | Farm |
| 22:10 | Build | Farm |
| 22:10 | Build | Farm |
| 22:10 | Build | Farm |
| 22:11 | Build | Farm |
| 22:12 | Create | Villager (Male) |
| 22:23 | Build | Monastery |
| 22:30 | Create | Villager (Male) |
| 22:30 | Create | Villager (Male) |
| 22:43 | Build | Farm |
| 22:43 | Build | Farm |
| 22:43 | Build | Farm |
| 22:46 | Create | Villager (Male) |
| 22:57 | Create | Villager (Male) |
| 23:07 | Build | Farm |
| 23:08 | Build | Farm |
| 23:08 | Build | Farm |
| 23:08 | Build | Farm |
| 23:08 | Build | Farm |
| 23:18 | Create | Villager (Male) |
| 23:19 | Create | Villager (Male) |
| 23:28 | Create | Villager (Male) |
| 23:29 | Create | Villager (Male) |
| 23:37 | Create | Monk |
| 23:47 | Create | Villager (Male) |
| 23:50 | Create | Villager (Male) |
| 23:58 | Build | Farm |
| 23:59 | Build | Farm |
| 23:59 | Build | Farm |
| 24:02 | Build | Farm |
| 24:05 | Create | Villager (Male) |
| 24:06 | Create | Villager (Male) |
| 24:06 | Create | Villager (Male) |
| 24:19 | Create | Villager (Male) |
| 24:32 | Create | Villager (Male) |
| 24:33 | Create | Villager (Male) |
| 24:33 | Create | Villager (Male) |
| 24:42 | Create | Villager (Male) |
| 24:50 | Build | Farm |
| 24:50 | Build | Farm |
| 24:51 | Build | Farm |
| 24:51 | Build | Farm |
| 24:52 | Create | Villager (Male) |
| 24:59 | Create | Villager (Male) |
| 25:15 | Create | Villager (Male) |
| 25:16 | Create | Villager (Male) |
| 25:16 | Create | Villager (Male) |
| 25:29 | Build | House |
| 25:29 | Build | House |
Match timeline
| 10:12 | Xcw · age_up feudal |
| 11:03 | 趁嘎蜚 · age_up feudal |
| 11:29 | qiuqiangkong · age_up feudal |
| 11:32 | Xcw · first_market_sell 100 wood |
| 11:40 | xiexieBB · age_up feudal |
| 11:56 | anit · age_up feudal |
| 11:57 | bobzieh · first_building Barracks |
| 12:42 | xiexieBB · first_market_sell 100 food |
| 13:09 | bobzieh · age_up feudal |
| 13:45 | abbnn · age_up feudal |
| 13:50 | BWilson9 · first_building Barracks |
| 14:33 | Xcw · age_up castle |
| 14:53 | BWilson9 · first_building Stable |
| 14:58 | Xcw · first_building Siege Workshop |
| 14:58 | 趁嘎蜚 · age_up castle |
| 15:01 | abbnn · first_building Barracks |
| 15:06 | qiuqiangkong · age_up castle |
| 15:08 | qiuqiangkong · first_building Castle |
| 15:12 | Xcw · first_building Monastery |
| 15:13 | xiexieBB · age_up castle |
| 15:22 | qiuqiangkong · first_building Monastery |
| 15:25 | qiuqiangkong · wall_segment Palisade Wall x1 |
| 15:27 | qiuqiangkong · wall_segment Palisade Wall x1 |
| 15:34 | qiuqiangkong · wall_segment Palisade Wall x1 |
| 15:36 | qiuqiangkong · wall_segment Palisade Wall x1 |
| 15:47 | abbnn · wall_segment Stone Wall x3 |
| 15:48 | abbnn · wall_segment Stone Wall x1 |
| 15:51 | abbnn · wall_segment Stone Wall x6 |
| 15:54 | BWilson9 · first_building Siege Workshop |
| 16:06 | bobzieh · first_building Archery Range |
| 17:00 | Xcw · first_building Barracks |
| 17:00 | abbnn · wall_segment Stone Wall x1 |
| 17:01 | anit · age_up castle |
| 17:29 | anit · first_building Monastery |
| 17:31 | bobzieh · age_up castle |
| 17:41 | abbnn · first_building Archery Range |
| 18:05 | 趁嘎蜚 · first_building Siege Workshop |
| 18:26 | anit · first_market_sell 100 food |
| 19:45 | 趁嘎蜚 · first_building Castle |
| 19:58 | abbnn · age_up castle |
| 20:16 | abbnn · first_building Castle |
| 21:11 | bobzieh · first_building Monastery |
| 21:31 | anit · resign |
| 22:23 | abbnn · first_building Monastery |
| 23:27 | Xcw · first_building Archery Range |
| 24:21 | xiexieBB · first_building Castle |
| 24:24 | 趁嘎蜚 · first_building Barracks |
| 24:42 | qiuqiangkong · first_market_sell 100 wood |
| 25:10 | 趁嘎蜚 · first_market_sell 100 food |
| 25:20 | bobzieh · first_building Castle |
| 25:41 | 趁嘎蜚 · first_building Stable |
| 26:22 | xiexieBB · first_market_buy 100 stone |
| 28:01 | qiuqiangkong · age_up imperial |
| 28:43 | 趁嘎蜚 · age_up imperial |
| 30:57 | xiexieBB · first_building Barracks |
| 31:36 | BWilson9 · first_market_buy 100 wood |
| 31:38 | BWilson9 · first_market_sell 100 food |
| 31:46 | BWilson9 · first_building Monastery |
| 32:00 | abbnn · age_up imperial |
| 32:18 | bobzieh · first_market_sell 100 wood |
| 33:11 | Xcw · age_up imperial |
| 33:13 | qiuqiangkong · first_building Barracks |
| 33:37 | Xcw · first_building Castle |
| 33:55 | bobzieh · age_up imperial |
| 33:56 | qiuqiangkong · first_building Stable |
| 34:40 | xiexieBB · first_building Stable |
| 35:19 | Xcw · first_market_buy 100 food |
| 37:47 | BWilson9 · first_building Castle |
| 37:59 | BWilson9 · wall_segment Palisade Wall x1 |
| 38:09 | qiuqiangkong · first_building Siege Workshop |
| 39:55 | 趁嘎蜚 · first_building Archery Range |
| 41:08 | xiexieBB · age_up imperial |
| 42:49 | qiuqiangkong · first_building Archery Range |
| 43:02 | Xcw · wall_segment Stone Wall x4 |
| 43:21 | Xcw · wall_segment Stone Wall x1 |
| 43:22 | Xcw · wall_segment Stone Wall x1 |
| 44:53 | Xcw · wall_segment Stone Wall x1 |
| 45:30 | abbnn · first_market_buy 500 wood |
[ AI ANALYSIS · 1 CREDIT ]
What really happened in this match?
Wolo.gg analyzes every decision: build order, eco, micro, common mistakes by bracket. Personalized analysis on WhatsApp or Discord in 30 seconds.
Civ guide
Celts
Perfil
anit